cohdb
Replays
Latest Replays
All Replays
Popular Replays
Top Player Replays
Match Explorer
How It Works
Community
CoH3 Stats
Reddit
Sign in to upload your games and track your stats! →
Sign in with Steam
Match 41823267
Unlisted
Match 41823267
Overview
Messages
Build Orders
End
Royal Engineer Section
Selects Canadian Shock Battlegroup
Construct Section Command Post
Infantry Section
Infantry Section
Selects Attacking Spirit
Selects Canadian Shock Section
Canadian Shock Section
Construct Platoon Command Post
Humber Armored Car
BIOHAZARD
fake taxi
0
0
Comments
sign in to comment!
No comments posted yet!